 Dungeon Crawl Stone Soup version 0.27.1-33-g824d729ab1 (webtiles) character file.

Game seed: 6268424022435332346

105 porpoise the Skirmisher (level 4, -3/42 HPs)
             Began as a Minotaur Chaos Knight on Dec 23, 2021.
             Was a Plaything of Xom.
             Slain by Crazy Yiuf (9 damage)
             ... on level 2 of the Dungeon.
             The game lasted 00:07:23 (1929 turns).

porpoise the Skirmisher (Minotaur Chaos Knight)     Turns: 1929, Time: 00:07:27

Health: -3/42      AC:  5    Str: 17    XL:     4   Next: 53%
Magic:  3/3        EV: 10    Int:  9    God:    Xom [.*....]
Gold:   139        SH:  0    Dex: 10    Spells: 3/3 levels left

rFire    . . .     SeeInvis .   a - +2 whip (elec)
rCold    . . .     Faith    .   (no shield)
rNeg     . . .     Spirit   .   s - +0 ring mail {Will+}
rPois    .         Reflect  .   (helmet restricted)
rElec    .         Harm     .   (no cloak)
rCorr    .         Rampage  .   (no gloves)
Will     +....                  (no boots)
Stlth    ..........             (no amulet)
HPRegen  0.14/turn              (no ring)
MPRegen  0.08/turn              (no ring)

@: lethally poisoned (-3 -> -17)
A: horns 2, retaliatory headbutt
a: Renounce Religion


You were on level 2 of the Dungeon.
You worshipped Xom.
You were a plaything of Xom.
You visited 1 branch of the dungeon, and saw 3 of its levels.

You collected 139 gold pieces.

Inventory:

Hand Weapons
 a - a +2 whip of electrocution (weapon)
 h - a +0 hand axe of chaos
Missiles
 c - 156 stones (quivered)
 i - 46 arrows
 k - 19 sling bullets
 q - 5 boomerangs
 r - 21 bolts
Armour
 b - a +2 leather armour
 s - a +0 ring mail of willpower (worn)
Wands
 n - a wand of digging (3)
Scrolls
 d - 2 scrolls of vulnerability {unknown}
 g - a scroll of amnesia {unknown}
 j - a scroll of enchant armour {unknown}
 l - a scroll of identify {unknown}
 m - 2 scrolls of fear {unknown}
 o - 3 scrolls of fog {unknown}
 p - a scroll of enchant weapon {unknown}
Potions
 e - a potion of lignification {unknown}
 f - a potion of might {unknown}


   Skills:
 + Level 5.2 Fighting
 + Level 5.2 Axes
 - Level 2.4 Armour
 - Level 1.1 Dodging


You had 3 spell levels left.
You didn't know any spells.
Your spell library contained the following spells:

 Spells                   Type           Power      Damage    Failure   Level
 Sting                    Tmut/Pois      0%         1d3       58%         1
 Poisonous Vapours        Pois/Air       0%         N/A       73%         2
 Olgreb's Toxic Radiance  Pois           0%         N/A       100%        4


Dungeon Overview and Level Annotations

Branches:
Dungeon (3/15)

Altars:
Vehumet
The Shining One

Shops:
D:1 [

Annotations:
D:2 Crazy Yiuf, Sigmund


Innate Abilities, Weirdness & Mutations

You have a pair of horns on your head.
You reflexively headbutt those who attack you in melee.


Message History

You continue putting on your +0 ring mail of willpower. x5
You finish putting on your +0 ring mail of willpower.
You feel strong-willed.
You are now a plaything of Xom.
You see here a rat skeleton.
Found a scroll labelled ISAOCE ITUE.
m - 2 scrolls labelled ISAOCE ITUE (gained 1)
You open the door.
A goblin comes into view. It is wielding a +0 club.
The goblin shouts!
The goblin closely misses you.
You hit the goblin. You headbutt the goblin.
You kill the goblin!
Things that are here:
a +0 club; a goblin corpse
Found 16 arrows.
Found a mace.
Found a runed translucent door.
Crazy Yiuf whimpers, "Two song alas!"
Crazy Yiuf says, "Reason is nothing but a wonderful and unintelligible Instinct in our souls."
You open the door. You hit Crazy Yiuf but do no damage.
Crazy Yiuf hits you with a +4 quarterstaff of chaos!
A shower of butterflies erupts from you!
You are poisoned.
You hit Crazy Yiuf but do no damage. Lightning courses through Crazy Yiuf!
You headbutt Crazy Yiuf.
Crazy Yiuf is severely wounded.
You feel very sick.
Crazy Yiuf hits you with a +4 quarterstaff of chaos!
* * * LOW HITPOINT WARNING * * *
Crazy Yiuf freezes you.
* * * LOW HITPOINT WARNING * * *
You barely miss Crazy Yiuf. You headbutt Crazy Yiuf.
Crazy Yiuf is almost dead.
* * * LOW HITPOINT WARNING * * *
You feel very sick.
Crazy Yiuf says, "Island!
Adder sow infinity."
Crazy Yiuf hits you with a +4 quarterstaff of chaos!
You die...

#.......# ##..####... #.#.#####
#....# .. # #.# ♣P...♣ . #.#
♣♣PP.♣ #.# ♣♣.♣♣ #.# ♣♣.♣ ∆
..#.#.# ♣.♣♣ ..#.#.# ♣♣b♣
..#.#.# ♣@♣♣ ...#.# #g# #..#.#
... .#..#.# #...# ....#.######
#).b# ###...#....# #####
+..#..#....#
##.#..#..).##########
##......÷...........############


You could see Crazy Yiuf (ally target).

Vanquished Creatures
  A centaur skeleton (D:2)
  2 adders
  A worm (D:3)
  A dart slug (D:2)
  An orc (D:3)
  4 ball pythons
  2 bats (D:1)
  10 endoplasms
  3 giant cockroaches
  4 goblins
  4 hobgoblins
  2 quokkas
  3 frilled lizards
  4 kobolds
  4 rats
46 creatures vanquished.

Notes
Turn   | Place    | Note
-------+----------+-------------------------------------------
     0 | D:1      | porpoise the Minotaur Chaos Knight began the quest for the
                  | Orb.
     0 | D:1      | Reached XP level 1. HP: 19/19 MP: 0/0
   172 | D:1      | Found Nask's Armour Boutique.
   299 | D:1      | Reached XP level 2. HP: 27/27 MP: 1/1
   380 | D:1      | XOM: silly message
   811 | D:2      | XOM: divination: magic mapping
   982 | D:2      | Noticed Sigmund
  1010 | D:2      | Reached XP level 3. HP: 34/34 MP: 2/2
  1088 | D:2      | XOM: cloud trail
  1282 | D:3      | XOM: potion effect (berserk rage)
  1607 | D:3      | Found a radiant altar of Vehumet.
  1607 | D:3      | Found a glowing golden altar of the Shining One.
  1659 | D:2      | XOM: cast spell 'Metabolic Englaciation'
  1668 | D:2      | Reached XP level 4. HP: 40/41 MP: 3/3
  1677 | D:2      | XOM: divination: detect items
  1703 | D:2      | Reached skill level 5 in Fighting
  1703 | D:2      | Reached skill level 5 in Axes
  1836 | D:2      | XOM is BORED!
  1922 | D:2      | Found a runed translucent door.
  1923 | D:2      | Noticed Crazy Yiuf
  1927 | D:2      | XOM: butterfly on damage
  1929 | D:2      | Slain by Crazy Yiuf

Illustrated notes

Levels and vault maps discovered:
D:1:      dpeg_arrival_pond, layout_rooms, serial_shops, nicolae_diamond_shop
D:2:      layout_basic, uniq_sigmund, uniq_crazy_yiuf_cottage
D:3:      layout_loops_ring, gammafunk_temple_overflow_statue

Skill      XL: |  1  2  3  4 |
---------------+-------------+-----
Fighting       | 4 5 |  5.2
Axes           | 4 5 |  5.2
Armour         | |  2.4
Dodging        | |  1.1

Action                   |  1- 3 |  4- 6 || total
-------------------------+-------+-------++-------
Melee: Hand axe          |    25 |       ||    25
       Headbutt          |     9 |     4 ||    13
       Whip              |    65 |    17 ||    82
Throw: Stone             |     7 |       ||     7
Armor: Leather armour    |    30 |     3 ||    33
Dodge: Dodged            |    46 |     7 ||    53
